cohdb
Replays
Latest Replays
All Replays
Popular Replays
Top Player Replays
Match Explorer
How It Works
Community
CoH3 Stats
Reddit
Sign in to upload your games and track your stats! →
Sign in with Steam
Match 28130629
Unlisted
Match 28130629
Overview
Messages
Build Orders
End
Selects Armored Battlegroup
Selects Assault Engineers
Assault Engineer Squad
Construct Barracks
Riflemen Squad
Riflemen Squad
M1 Mortar Team
Construct Medical Station
Riflemen Squad
Grenade Package
Mechanized Support Center
Assault Engineer Squad
Construct Motor Pool
M1918 Browning Automatic Rifles
M1 Anti-tank Gun Team
Construct Tank Depot
Improvised Armor
Selects Strength in Steel
Selects Seek and Destroy
Selects UNKNOWN (2160077)
Selects Field Repairs
M4A3E8 Sherman Easy Eight
M4A3E8 Sherman Easy Eight
Studano
Knn
DIV 250 BigBoss
^3
0
0
Comments
sign in to comment!
No comments posted yet!